 Dungeon Crawl Stone Soup version 0.19-a0-944-gb338e1e (webtiles) character file.

441 Implojin the Cleaver (level 6, -7/51 HPs)
             Began as a Minotaur Fighter on July 9, 2016.
             Was an Initiate of Okawaru.
             Mangled by a centaur (8 damage)
             ... on level 8 of the Dungeon.
             The game lasted 00:04:40 (708 turns).

Implojin the Cleaver (Minotaur Fighter)              Turns: 708, Time: 00:04:41

Health: -7/51      AC:  6    Str: 20    XL:     6   Next: 70%
Magic:  5/5        EV: 12    Int:  5    God:    Okawaru [......]
Gold:   14         SH: 10    Dex: 17    Spells: 0 memorised, 5 levels left

rFire  . . .     SeeInvis .     a - +0 war axe
rCold  . . .     Gourm    .     b - +0 scale mail
rNeg   . . .     Faith    .     c - +0 shield
rPois  .         Spirit   .     (helmet restricted)
rElec  .         Dismiss  .     (no cloak)
rCorr  .         Reflect  .     (no gloves)
SustAt .         Harm     .     (no boots)
MR     .....                    (no amulet)
Stlth  +.........               (no ring)
                                h - ring of flight

@: agile, not resistant to hostile enchantments, very unstealthy
A: retaliatory headbutt, horns 2
a: Renounce Religion, Evoke Flight


You were on level 8 of the Dungeon.
You worshipped Okawaru.
Okawaru was noncommittal.
You were not hungry.

You visited 2 branches of the dungeon, and saw 9 of its levels.

You collected 14 gold pieces.

Inventory:

Hand Weapons
 a - a +0 war axe (weapon)
Armour
 b - a +0 scale mail (worn)
 c - a +0 shield (worn)
Magical Staves
 p - an uncursed staff of conjuration {unknown}
Jewellery
 h - a ring of flight (left hand)
Wands
 n - a wand of acid (11/15)
Scrolls
 d - a scroll of amnesia {unknown}
 m - a scroll of magic mapping {unknown}
 o - a scroll of identify
Potions
 i - a potion of degeneration
 j - a potion of brilliance
 k - a potion of curing {unknown}
 l - a potion of resistance {unknown}
Comestibles
 f - a bread ration
 g - 2 meat rations


   Skills:
 - Level 3.6 Fighting
 * Level 8.8 Axes
 - Level 3.6 Armour
 - Level 3.6 Shields


You had 5 spell levels left.
You didn't know any spells.

Dungeon Overview and Level Annotations

Branches:
Dungeon (8/15)             Temple (1/1) D:7
   Lair: D:8-11

Altars:
Ashenzari
Elyvilon
Fedhas
Kikubaaqudgha
Makhleb
Nemelex Xobeh
Okawaru
Pakellas
Trog
Vehumet
Yredelemnul
Zin

Annotations:
D:6 Eustachio


Innate Abilities, Weirdness & Mutations

You reflexively headbutt those who attack you in melee.
You have a pair of horns on your head.


Message History

There is a stone staircase leading down here.
You climb downwards.
An adder comes into view.
The adder hisses angrily.
Found 14 gold pieces and 16 stones.
Found a stone staircase leading up.
There is a stone staircase leading up here.
Unknown command.
Found a bread ration, 11 gold pieces and a fuming red potion.
A centaur comes into view.
The centaur shouts!
You block the centaur's attack. x2
There is a stone staircase leading up here.
You feel agile all of a sudden. The centaur hits you!
* * * LOW HITPOINT WARNING * * *
Unknown command.
You hit the centaur but do no damage. Your headbutt misses the centaur.
You hit the adder. You block the adder's attack. The centaur barely misses you.
The adder bites you but does no damage.
The centaur hits you but does no damage.
A giant cockroach comes into view.
Unknown command.
You hit the centaur.
You headbutt the centaur, but do no damage.
The centaur is lightly wounded.
You hit the adder. You block the centaur's attack.
You block the adder's attack.
Unknown command.
You hit the centaur but do no damage.
The centaur is lightly wounded.
You closely miss the adder. The centaur hits you!
* * * LOW HITPOINT WARNING * * *
You block the adder's attack. You block the centaur's attack.
The adder closely misses you.
Unknown command.
You hit the centaur.
The centaur is moderately wounded.
You closely miss the adder. You block the centaur's attack.
The adder barely misses you. The centaur hits you!
You die...

##### ...$.
#.#.#. ......
#.#.#.# (......
#.#.#$.####
.......<..#
..#######@#
....s.c.S......
#######.....###
.........
.#....### ##
.%.... ..$!###
###.#


You could see a centaur, an adder and a giant cockroach.

Vanquished Creatures
  A phantom (D:5)
  An ogre (D:7)
  A centaur (D:4)
  A crimson imp (D:5)
  A centaur skeleton (D:7)
  A giant frog skeleton (D:7)
  An orc wizard (D:4)
  A worker ant (D:7)
  A hound skeleton (D:5)
  An adder (D:7)
  A dart slug (D:1)
  A giant gecko (D:3)
  4 orcs (D:4)
  A bat (D:1)
  A giant cockroach (D:4)
  3 goblins
  A hobgoblin (D:1)
  5 jackals
  A kobold (D:1)
  A quokka skeleton (D:6)
  2 rats
31 creatures vanquished.

Notes
Turn   | Place    | Note
-------+----------+-------------------------------------------
     0 | D:1      | Implojin the Minotaur Fighter began the quest for the Orb.
     0 | D:1      | Reached XP level 1. HP: 19/19 MP: 0/0
    38 | D:1      | Reached skill level 3 in Axes
    41 | D:1      | Reached XP level 2. HP: 20/26 MP: 1/1
   286 | D:4      | Noticed a phantom
   292 | D:4      | Reached skill level 4 in Axes
   298 | D:4      | Reached XP level 3. HP: 23/31 MP: 2/2
   364 | D:4      | Noticed a centaur
   364 | D:4      | HP: 1/31 [centaur/arrow (5)]
   371 | D:4      | Killed a centaur
   371 | D:4      | Reached skill level 6 in Axes
   371 | D:4      | Reached XP level 4. HP: 2/39 MP: 3/3
   379 | D:5      | Entered Level 5 of the Dungeon
   388 | D:5      | HP: 1/39 [hound skeleton (1)]
   389 | D:5      | Noticed a phantom
   391 | D:5      | Reached XP level 5. HP: 2/45 MP: 4/4
   433 | D:5      | Killed a phantom
   433 | D:5      | Reached skill level 7 in Axes
   461 | D:5      | Reached XP level 6. HP: 3/51 MP: 5/5
   478 | D:6      | Noticed Eustachio
   488 | D:7      | Found a staircase to the Ecumenical Temple.
   497 | Temple   | Entered the Ecumenical Temple
   516 | Temple   | Became a worshipper of Warmaster Okawaru
   548 | D:7      | Found a glowing silver altar of Zin.
   558 | D:7      | Reached skill level 8 in Axes
   605 | D:7      | Found a basalt altar of Yredelemnul.
   707 | D:8      | HP: 1/51 [centaur (8)]
   708 | D:8      | Mangled by a centaur

Vault maps used:
D:1:      ncdulo_lavacross
D:2:      overflow_temple_1_default, first_bread, nrook_mini_vaults,
          wad_floor_pattern_untrapped
D:4:      uniq_pikel
D:5:      hangedman_decor_peaks_small
D:6:      uniq_crazy_yiuf_cottage, uniq_blork_the_orc, uniq_eustachio
D:7:      grunt_dithmenos_shadows, lemuel_crystal_altar, lemuel_doored_altar,
          minmay_misc_feat_rugged
D:8:      nicolae_qazlal_eye_of_the_storm, kennysheep_mini_moat,
          serial_co_window_serial, co_window_corner_a, co_window_paths_a,
          co_window_paths_b, co_window_corner_a, co_window_paths_a,
          co_window_2corner, co_window_unsneaky_path_b,
          co_window_unsneaky_path_b, co_window_corner_ca, co_window_corner_cb,
          glass_columns_a, glass_columns_b
Temple:   eino_temple_rhombus

Skill      XL: |  1  2  3  4  5  6 |
---------------+-------------------+-----
Axes           | 3 4 6 7 8 |  8.8
Fighting       | |  3.6
Armour         | |  3.6
Shields        | |  3.6

Action                   |  1- 3 |  4- 6 || total
-------------------------+-------+-------++-------
Melee: War axe           |    45 |    45 ||    90
       Headbutt          |     3 |    10 ||    13
  Use: Potion            |     2 |     1 ||     3
       Scroll            |       |     2 ||     2
Armor: Scale mail        |    22 |     8 ||    30
Dodge: Dodged            |    21 |    17 ||    38
Block: Shield            |    38 |    20 ||    58

Table legend:
 A = Turns spent in this place as a percentage of turns spent in the entire game.
 B = Non-inter-level travel turns spent in this place as a percentage of non-inter-level travel turns spent in the entire game.
 C = Inter-level travel turns spent in this place as a percentage of turns spent in this place.
 D = Turns resting spent in this place as a percentage of non-inter-level travel turns spent in this place.
 E = Turns spent auto-exploring this place as a percentage of non-inter-level travel turns spent in this place.
 F = Non-inter-level travel turns spent in this place divided by the number of levels of this place that you've seen.
                   A       B       C       D       E      F
               +-------+-------+-------+-------+-------+----------------------
         Total | 100.0 | 100.0 |   0.0 |   0.0 |   0.0 |  82.2
       Dungeon |  94.3 |  94.3 |   0.0 |   0.0 |   0.0 |  87.2
        Temple |   5.7 |   5.7 |   0.0 |   0.0 |   0.0 |  42.0
               +-------+-------+-------+-------+-------+----------------------

Table legend:
 A = Kills in this place as a percentage of kills in entire the game.
 B = Kills by you in this place as a percentage of kills by you in the entire game.
 C = Kills by friends in this place as a percentage of kills by friends in the entire game.
 D = Other kills in this place as a percentage of other kills in the entire game.
 E = Experience gained in this place as a percentage of experience gained in the entire game.
 F = Experience gained in this place divided by the number of levels of this place that you have seen.
                   A       B       C       D       E      F
               +-------+-------+-------+-------+-------+----------------------
         Total | 100.0 | 100.0 |  -nan |  -nan | 100.0 |  70.0
       Dungeon | 100.0 | 100.0 |  -nan |  -nan | 100.0 |  78.8
               +-------+-------+-------+-------+-------+----------------------
